 Dungeon Crawl Stone Soup version 0.27-a0-242-ge0fc76b88b (webtiles) character file.

Game seed: 17262560433336902461

247 Borgoz the Slasher (level 6, -5/52 HPs)
             Began as a Ghoul Gladiator on Feb 3, 2021.
             Was an Initiate of Ashenzari.
             Slain by a two-headed ogre
             ... wielding a +0 giant club
              (17 damage)
             ... on level 4 of the Dungeon.
             The game lasted 00:04:13 (3319 turns).

Borgoz the Slasher (Ghoul Gladiator)                Turns: 3319, Time: 00:04:14

Health: -5/52      AC:  7    Str: 18    XL:     6   Next: 11%
Magic:  5/5        EV: 13    Int:  3    God:    Ashenzari [......]
Gold:   115        SH:  0    Dex: 12    Spells: 5/5 levels left

rFire    + . .     SeeInvis .   a - +0 long sword
rCold    + . .     Faith    .   (no shield)
rNeg     + + +     Spirit   .   b - +0 leather armour
rPois    ∞         Reflect  .   c - +1 helmet
rElec    .         Harm     .   (no cloak)
rCorr    .         Rampage  .   k - +0 pair of gloves
Will     .....                  l - +0 pair of boots
Stlth    ++........             (no amulet)
HPRegen  0.00/turn              f - ring of protection from fire
MPRegen  0.09/turn              m - ring of stealth

@: no status effects
A: claws 1, cold resistance 1, negative energy resistance 3, inhibited
regeneration, torment resistance, unbreathing
a: Renounce Religion, Curse Item


You were on level 4 of the Dungeon.
You worshipped Ashenzari.
Ashenzari was noncommittal.
You visited 2 branches of the dungeon, and saw 5 of its levels.

You collected 115 gold pieces.

Inventory:

Hand Weapons
 a - a +0 long sword (weapon)
Armour
 b - a +0 leather armour (worn)
 c - a +1 helmet (worn)
 k - a +0 pair of gloves (worn)
 l - a +0 pair of boots (worn)
Jewellery
 f - a ring of protection from fire (left hand)
 m - a ring of stealth (right hand)
Scrolls
 e - a scroll of noise {unknown}
 g - a scroll of remove curse
 j - a scroll of blinking {unknown}
 n - a scroll of enchant weapon {unknown}
 o - a scroll of identify {unknown}
Potions
 h - a potion of curing
 i - a potion of heal wounds {unknown}
 p - 2 potions of mutation {unknown}


   Skills:
 + Level 3.6 Fighting
 * Level 4.3 Long Blades
 - Level 1.7 Throwing
 + Level 2.1 Armour
 + Level 3.5 Dodging


You had 5 spell levels left.
You didn't know any spells.
Your spell library was empty.

Dungeon Overview and Level Annotations

Branches:
Dungeon (4/15)             Temple (1/1) D:4

Altars:
Ashenzari
Cheibriados
Elyvilon
Gozag
Kikubaaqudgha
Makhleb
Okawaru
Qazlal
Ru
Sif Muna
Trog
Uskayaw
Vehumet
Wu Jian
Yredelemnul
Zin
The Shining One
Lugonu


Innate Abilities, Weirdness & Mutations

You thrive by killing the living.
You are immune to poison.
You have sharp fingernails.
Your flesh is cold resistant. (rC+)
You are immune to negative energy. (rN+++)
You do not regenerate when monsters are visible.
You are immune to unholy pain and torment.
You can survive without breathing.


Message History

The two-headed ogre is caught in the net!
The two-headed ogre is heavily wounded.
The two-headed ogre struggles against the net.
You hit the two-headed ogre.
The two-headed ogre is heavily wounded.
The two-headed ogre struggles against the net. x2
You hit the two-headed ogre.
The two-headed ogre is severely wounded.
The two-headed ogre struggles against the net.
You barely miss the two-headed ogre.
The two-headed ogre is severely wounded.
The two-headed ogre struggles against the net.
The net rips apart, and the two-headed ogre comes free!
You closely miss the two-headed ogre.
The two-headed ogre is severely wounded.
The two-headed ogre misses you.
You riposte.
You hit the two-headed ogre but do no damage.
The two-headed ogre is severely wounded.
The two-headed ogre hits you with a +0 giant club!
You die...

.. .(# .........# #.#
..........# #.#
..........#+#.#.#
..............#.#
..............#.#
#####........)..O#.#
................@#.#
...##............#.#
...##).......#'#.#.#.#
...###.....###.#.....#
..........####.###.###
.P.............# ...
P..>...........# ####
.....#.....(...#
.....###........#


You could see a two-headed ogre.

Vanquished Creatures
  An orc priest (D:3)
  An orc wizard (D:2)
  A worker ant (D:2)
  Robin (D:2)
  3 gnolls
  An adder (D:2)
  2 oozes
  3 worms (D:3)
  3 dart slugs
  A leopard gecko (D:1)
  6 orcs (D:3)
  9 giant cockroaches
  13 goblins
  12 hobgoblins
  11 jackals
  A quokka (D:3)
  2 ball pythons
  2 bats
  3 kobolds
  11 rats
87 creatures vanquished.

Notes
Turn   | Place    | Note
-------+----------+-------------------------------------------
     0 | D:1      | Borgoz the Ghoul Gladiator began the quest for the Orb.
     0 | D:1      | Reached XP level 1. HP: 17/17 MP: 0/0
   122 | D:1      | Reached XP level 2. HP: 24/25 MP: 1/1
   151 | D:1      | Reached skill level 3 in Long Blades
   272 | D:1      | Reached XP level 3. HP: 30/30 MP: 2/2
   743 | D:2      | Found a sacrificial altar of Ru.
   760 | D:2      | Reached skill level 1 in Armour
   760 | D:2      | Reached XP level 4. HP: 28/37 MP: 3/3
  1033 | D:2      | Reached XP level 5. HP: 45/45 MP: 4/4
  1051 | D:2      | Found a broken altar of Ashenzari.
  1071 | D:2      | Became a worshipper of Ashenzari the Shackled
  1189 | D:2      | Noticed Robin
  1569 | D:2      | Killed Robin
  1849 | D:3      | Found a stormy altar of Qazlal.
  1850 | D:3      | Noticed an air elemental
  1851 | D:3      | Noticed a fire elemental
  1851 | D:3      | Noticed a water elemental
  1975 | D:3      | HP: 1/45 [worm (7)]
  2268 | D:3      | Found a bloodstained altar of Trog.
  2352 | D:3      | Reached skill level 4 in Long Blades
  2775 | D:3      | Found an ancient bone altar of Kikubaaqudgha.
  2908 | D:3      | Reached XP level 6. HP: 22/51 MP: 5/5
  3158 | D:4      | Found a staircase to the Ecumenical Temple.
  3161 | D:4      | Found a snail-covered altar of Cheibriados.
  3171 | Temple   | Entered the Ecumenical Temple
  3302 | D:4      | Noticed a two-headed ogre
  3319 | D:4      | Slain by a two-headed ogre

Illustrated notes

Levels and vault maps discovered:
D:1:      grunt_arrival_lava_bath, layout_rooms
D:2:      layout_rooms, nicolae_ru_great_annihilating_truth, ashenzari_altar_1,
          minivault_11, uniq_robin
D:3:      layout_rooms, lightli_temple_of_fire, kiku_gazebo_pond_becter,
          nicolae_qazlal_style_of_elements, skrybe_limestone_x
D:4:      minmay_wonky_spiral, layout_basic, overflow_temple_1_default,
          nicolae_overflow_hidden_temple, minmay_temple_entry_overgrown
Temple:   kb_corrupted_temple

Skill      XL: |  1  2  3  4  5 |
---------------+----------------+-----
Long Blades    | 3 4 |  4.3
Dodging        | 3 |  3.5
Armour         | 1 2 |  2.1
Fighting       | 3 |  3.6
Throwing       | |  1.7

Action                   |  1- 3 |  4- 6 || total
-------------------------+-------+-------++-------
Melee: Long sword        |    78 |   198 ||   276
Throw: Throwing net      |       |     5 ||     5
  Use: Scroll            |     1 |     1 ||     2
       Potion            |       |     1 ||     1
 Stab: Sleeping          |     1 |     1 ||     2
       Paralysed         |       |     1 ||     1
Armor: Leather armour    |    16 |    72 ||    88
Dodge: Dodged            |    65 |   168 ||   233
       Rpst.: Long sword |    18 |    49 ||    67

Table legend: (Time is in decaauts)
 A = Elapsed time spent in this place.
 B = Non-inter-level travel time spent in this place.
 C = Inter-level travel time spent in this place.
 D = Time resting spent in this place.
 E = Time spent auto-exploring this place.
 F = Levels seen in this place.
 G = Mean time per level.
                   A        B        C        D        E       F      G
               +--------+--------+--------+--------+--------+-----+--------+
         Total |   3379 |   3299 |     80 |    876 |   1729 |   5 |  675.8 |
       Dungeon |   3274 |   3213 |     61 |    876 |   1644 |   4 |  818.5 |
        Temple |    104 |     85 |     19 |      0 |     85 |   1 |  104.0 |
               +--------+--------+--------+--------+--------+-----+--------+

Top non-repeatable levels by time:
     D:3: 1283 daAuts
     D:1: 988 daAuts
     D:2: 864 daAuts
     D:4: 138 daAuts
  Temple: 104 daAuts
